Workbook

Sheet RentalVsSP
B1: Rental property vs. the S&P 500
B2: Every landlord cost and every tax effect - depreciation, passive-loss limits, capital gains recapture - versus the same cash in an index fund.
B3: From Quiet Zeros — free, private calculators. Green cells are inputs; everything else recalculates.
B4: Inputs
B5: Property price | C5: 320000
B6: Down payment (%) | C6: 0.25
B7: Mortgage rate | C7: 0.065
B8: Loan term (years) | C8: 30
B9: Closing costs (% of price) | C9: 0.03
B10: Upfront repairs / rehab | C10: 8000
B11: Monthly rent (today) | C11: 2400
B12: Vacancy rate (%) | C12: 0.06
B13: Rent growth (%/yr) | C13: 0.03
B14: Property tax (%/yr of value) | C14: 0.012
B15: Insurance (%/yr of value) | C15: 0.006
B16: Maintenance (%/yr of value) | C16: 0.012
... B26: S&P 500 expected return (%/yr) | C26: 0.08
B28: Key computed values
B29: Loan amount | C29: =C5*(1-C6)
B30: Upfront cash (down + closing + rehab) | C30: =C5*C6+C5*C9+C10
B31: Monthly P&I payment | C31: =-PMT(C7/12,C8*12,C29)
B32: Annual depreciation (building / 27.5 yrs) | C32: =C5*C20/27.5
B34: Note: the YearByYear sheet uses a simplified flat-balance interest estimate per year (the web tool runs a full monthly amortization). Figures will be close but not identical to the calculator - use the calculator for the exact numbers, this sheet for your own edits.

Sheet YearByYear
A1: Year | B1: Home value | C1: Rent (net vacancy) | D1: Operating costs | E1: NOI | F1: Interest | G1: Principal | H1: Loan balance | I1: Depreciation | J1: Taxable rental income | K1: Tax effect | L1: Cash flow after tax
A2: 1 | B2: =IF(A2<=RentalVsSP!$C$22,RentalVsSP!$C$5*(1+RentalVsSP!$C$19)^(A2-1),"") | C2: =IF(A2<=RentalVsSP!$C$22,RentalVsSP!$C$11*12*(1+RentalVsSP!$C$13)^(A2-1)*(1-RentalVsSP!$C$12),"") | D2: =IF(A2<=RentalVsSP!$C$22,B2*(RentalVsSP!$C$14+RentalVsSP!$C$15+RentalVsSP!$C$16)+C2*RentalVsSP!$C$17+RentalVsSP!$C$18*12,"") | E2: =IF(A2<=RentalVsSP!$C$22,C2-D2,"") | F2: =IF(A2<=RentalVsSP!$C$22,RentalVsSP!$C$29*RentalVsSP!$C$7/12*12,"") | G2: =IF(A2<=RentalVsSP!$C$22,RentalVsSP!$C$31*12-F2,"") | H2: =IF(A2<=RentalVsSP!$C$22,MAX(0,RentalVsSP!$C$29-G2),"") | I2: =IF(A2<=RentalVsSP!$C$22,MIN(RentalVsSP!$C$32,RentalVsSP!$C$5*RentalVsSP!$C$20-SUM($I$2:I1)),"") | J2: =IF(A2<=RentalVsSP!$C$22,E2-F2-I2,"") | K2: =IF(A2<=RentalVsSP!$C$22,IF(J2>=0,-J2*RentalVsSP!$C$24,MIN(-J2,MAX(0,25000-0.5*MAX(0,RentalVsSP!$C$23-100000)))*RentalVsSP!$C$24),"") | L2: =IF(A2<=RentalVsSP!$C$22,E2-F2-G2+K2,"")
A3: 2 | B3: =IF(A3<=RentalVsSP!$C$22,RentalVsSP!$C$5*(1+RentalVsSP!$C$19)^(A3-1),"") | C3: =IF(A3<=RentalVsSP!$C$22,RentalVsSP!$C$11*12*(1+RentalVsSP!$C$13)^(A3-1)*(1-RentalVsSP!$C$12),"") | D3: =IF(A3<=RentalVsSP!$C$22,B3*(RentalVsSP!$C$14+RentalVsSP!$C$15+RentalVsSP!$C$16)+C3*RentalVsSP!$C$17+RentalVsSP!$C$18*12,"") | E3: =IF(A3<=RentalVsSP!$C$22,C3-D3,"") | F3: =IF(A3<=RentalVsSP!$C$22,H2*RentalVsSP!$C$7/12*12,"") | G3: =IF(A3<=RentalVsSP!$C$22,RentalVsSP!$C$31*12-F3,"") | H3: =IF(A3<=RentalVsSP!$C$22,MAX(0,H2-G3),"") | I3: =IF(A3<=RentalVsSP!$C$22,MIN(RentalVsSP!$C$32,RentalVsSP!$C$5*RentalVsSP!$C$20-SUM($I$2:I2)),"") | J3: =IF(A3<=RentalVsSP!$C$22,E3-F3-I3,"") | K3: =IF(A3<=RentalVsSP!$C$22,IF(J3>=0,-J3*RentalVsSP!$C$24,MIN(-J3,MAX(0,25000-0.5*MAX(0,RentalVsSP!$C$23-100000)))*RentalVsSP!$C$24),"") | L3: =IF(A3<=RentalVsSP!$C$22,E3-F3-G3+K3,"")
A4: 3 | B4: =IF(A4<=RentalVsSP!$C$22,RentalVsSP!$C$5*(1+RentalVsSP!$C$19)^(A4-1),"") | C4: =IF(A4<=RentalVsSP!$C$22,RentalVsSP!$C$11*12*(1+RentalVsSP!$C$13)^(A4-1)*(1-RentalVsSP!$C$12),"") | D4: =IF(A4<=RentalVsSP!$C$22,B4*(RentalVsSP!$C$14+RentalVsSP!$C$15+RentalVsSP!$C$16)+C4*RentalVsSP!$C$17+RentalVsSP!$C$18*12,"") | E4: =IF(A4<=RentalVsSP!$C$22,C4-D4,"") | F4: =IF(A4<=RentalVsSP!$C$22,H3*RentalVsSP!$C$7/12*12,"") | G4: =IF(A4<=RentalVsSP!$C$22,RentalVsSP!$C$31*12-F4,"") | H4: =IF(A4<=RentalVsSP!$C$22,MAX(0,H3-G4),"") | I4: =IF(A4<=RentalVsSP!$C$22,MIN(RentalVsSP!$C$32,RentalVsSP!$C$5*RentalVsSP!$C$20-SUM($I$2:I3)),"") | J4: =IF(A4<=RentalVsSP!$C$22,E4-F4-I4,"") | K4: =IF(A4<=RentalVsSP!$C$22,IF(J4>=0,-J4*RentalVsSP!$C$24,MIN(-J4,MAX(0,25000-0.5*MAX(0,RentalVsSP!$C$23-100000)))*RentalVsSP!$C$24),"") | L4: =IF(A4<=RentalVsSP!$C$22,E4-F4-G4+K4,"")
A5: 4 | B5: =IF(A5<=RentalVsSP!$C$22,RentalVsSP!$C$5*(1+RentalVsSP!$C$19)^(A5-1),"") | C5: =IF(A5<=RentalVsSP!$C$22,RentalVsSP!$C$11*12*(1+RentalVsSP!$C$13)^(A5-1)*(1-RentalVsSP!$C$12),"") | D5: =IF(A5<=RentalVsSP!$C$22,B5*(RentalVsSP!$C$14+RentalVsSP!$C$15+RentalVsSP!$C$16)+C5*RentalVsSP!$C$17+RentalVsSP!$C$18*12,"") | E5: =IF(A5<=RentalVsSP!$C$22,C5-D5,"") | F5: =IF(A5<=RentalVsSP!$C$22,H4*RentalVsSP!$C$7/12*12,"") | G5: =IF(A5<=RentalVsSP!$C$22,RentalVsSP!$C$31*12-F5,"") | H5: =IF(A5<=RentalVsSP!$C$22,MAX(0,H4-G5),"") | I5: =IF(A5<=RentalVsSP!$C$22,MIN(RentalVsSP!$C$32,RentalVsSP!$C$5*RentalVsSP!$C$20-SUM($I$2:I4)),"") | J5: =IF(A5<=RentalVsSP!$C$22,E5-F5-I5,"") | K5: =IF(A5<=RentalVsSP!$C$22,IF(J5>=0,-J5*RentalVsSP!$C$24,MIN(-J5,MAX(0,25000-0.5*MAX(0,RentalVsSP!$C$23-100000)))*RentalVsSP!$C$24),"") | L5: =IF(A5<=RentalVsSP!$C$22,E5-F5-G5+K5,"")
A6: 5 | B6: =IF(A6<=RentalVsSP!$C$22,RentalVsSP!$C$5*(1+RentalVsSP!$C$19)^(A6-1),"") | C6: =IF(A6<=RentalVsSP!$C$22,RentalVsSP!$C$11*12*(1+RentalVsSP!$C$13)^(A6-1)*(1-RentalVsSP!$C$12),"") | D6: =IF(A6<=RentalVsSP!$C$22,B6*(RentalVsSP!$C$14+RentalVsSP!$C$15+RentalVsSP!$C$16)+C6*RentalVsSP!$C$17+RentalVsSP!$C$18*12,"") | E6: =IF(A6<=RentalVsSP!$C$22,C6-D6,"") | F6: =IF(A6<=RentalVsSP!$C$22,H5*RentalVsSP!$C$7/12*12,"") | G6: =IF(A6<=RentalVsSP!$C$22,RentalVsSP!$C$31*12-F6,"") | H6: =IF(A6<=RentalVsSP!$C$22,MAX(0,H5-G6),"") | I6: =IF(A6<=RentalVsSP!$C$22,MIN(RentalVsSP!$C$32,RentalVsSP!$C$5*RentalVsSP!$C$20-SUM($I$2:I5)),"") | J6: =IF(A6<=RentalVsSP!$C$22,E6-F6-I6,"") | K6: =IF(A6<=RentalVsSP!$C$22,IF(J6>=0,-J6*RentalVsSP!$C$24,MIN(-J6,MAX(0,25000-0.5*MAX(0,RentalVsSP!$C$23-100000)))*RentalVsSP!$C$24),"") | L6: =IF(A6<=RentalVsSP!$C$22,E6-F6-G6+K6,"")
A7: 6 | B7: =IF(A7<=RentalVsSP!$C$22,RentalVsSP!$C$5*(1+RentalVsSP!$C$19)^(A7-1),"") | C7: =IF(A7<=RentalVsSP!$C$22,RentalVsSP!$C$11*12*(1+RentalVsSP!$C$13)^(A7-1)*(1-RentalVsSP!$C$12),"") | D7: =IF(A7<=RentalVsSP!$C$22,B7*(RentalVsSP!$C$14+RentalVsSP!$C$15+RentalVsSP!$C$16)+C7*RentalVsSP!$C$17+RentalVsSP!$C$18*12,"") | E7: =IF(A7<=RentalVsSP!$C$22,C7-D7,"") | F7: =IF(A7<=RentalVsSP!$C$22,H6*RentalVsSP!$C$7/12*12,"") | G7: =IF(A7<=RentalVsSP!$C$22,RentalVsSP!$C$31*12-F7,"") | H7: =IF(A7<=RentalVsSP!$C$22,MAX(0,H6-G7),"") | I7: =IF(A7<=RentalVsSP!$C$22,MIN(RentalVsSP!$C$32,RentalVsSP!$C$5*RentalVsSP!$C$20-SUM($I$2:I6)),"") | J7: =IF(A7<=RentalVsSP!$C$22,E7-F7-I7,"") | K7: =IF(A7<=RentalVsSP!$C$22,IF(J7>=0,-J7*RentalVsSP!$C$24,MIN(-J7,MAX(0,25000-0.5*MAX(0,RentalVsSP!$C$23-100000)))*RentalVsSP!$C$24),"") | L7: =IF(A7<=RentalVsSP!$C$22,E7-F7-G7+K7,"")
A8: 7 | B8: =IF(A8<=RentalVsSP!$C$22,RentalVsSP!$C$5*(1+RentalVsSP!$C$19)^(A8-1),"") | C8: =IF(A8<=RentalVsSP!$C$22,RentalVsSP!$C$11*12*(1+RentalVsSP!$C$13)^(A8-1)*(1-RentalVsSP!$C$12),"") | D8: =IF(A8<=RentalVsSP!$C$22,B8*(RentalVsSP!$C$14+RentalVsSP!$C$15+RentalVsSP!$C$16)+C8*RentalVsSP!$C$17+RentalVsSP!$C$18*12,"") | E8: =IF(A8<=RentalVsSP!$C$22,C8-D8,"") | F8: =IF(A8<=RentalVsSP!$C$22,H7*RentalVsSP!$C$7/12*12,"") | G8: =IF(A8<=RentalVsSP!$C$22,RentalVsSP!$C$31*12-F8,"") | H8: =IF(A8<=RentalVsSP!$C$22,MAX(0,H7-G8),"") | I8: =IF(A8<=RentalVsSP!$C$22,MIN(RentalVsSP!$C$32,RentalVsSP!$C$5*RentalVsSP!$C$20-SUM($I$2:I7)),"") | J8: =IF(A8<=RentalVsSP!$C$22,E8-F8-I8,"") | K8: =IF(A8<=RentalVsSP!$C$22,IF(J8>=0,-J8*RentalVsSP!$C$24,MIN(-J8,MAX(0,25000-0.5*MAX(0,RentalVsSP!$C$23-100000)))*RentalVsSP!$C$24),"") | L8: =IF(A8<=RentalVsSP!$C$22,E8-F8-G8+K8,"")
A9: 8 | B9: =IF(A9<=RentalVsSP!$C$22,RentalVsSP!$C$5*(1+RentalVsSP!$C$19)^(A9-1),"") | C9: =IF(A9<=RentalVsSP!$C$22,RentalVsSP!$C$11*12*(1+RentalVsSP!$C$13)^(A9-1)*(1-RentalVsSP!$C$12),"") | D9: =IF(A9<=RentalVsSP!$C$22,B9*(RentalVsSP!$C$14+RentalVsSP!$C$15+RentalVsSP!$C$16)+C9*RentalVsSP!$C$17+RentalVsSP!$C$18*12,"") | E9: =IF(A9<=RentalVsSP!$C$22,C9-D9,"") | F9: =IF(A9<=RentalVsSP!$C$22,H8*RentalVsSP!$C$7/12*12,"") | G9: =IF(A9<=RentalVsSP!$C$22,RentalVsSP!$C$31*12-F9,"") | H9: =IF(A9<=RentalVsSP!$C$22,MAX(0,H8-G9),"") | I9: =IF(A9<=RentalVsSP!$C$22,MIN(RentalVsSP!$C$32,RentalVsSP!$C$5*RentalVsSP!$C$20-SUM($I$2:I8)),"") | J9: =IF(A9<=RentalVsSP!$C$22,E9-F9-I9,"") | K9: =IF(A9<=RentalVsSP!$C$22,IF(J9>=0,-J9*RentalVsSP!$C$24,MIN(-J9,MAX(0,25000-0.5*MAX(0,RentalVsSP!$C$23-100000)))*RentalVsSP!$C$24),"") | L9: =IF(A9<=RentalVsSP!$C$22,E9-F9-G9+K9,"")
A10: 9 | B10: =IF(A10<=RentalVsSP!$C$22,RentalVsSP!$C$5*(1+RentalVsSP!$C$19)^(A10-1),"") | C10: =IF(A10<=RentalVsSP!$C$22,RentalVsSP!$C$11*12*(1+RentalVsSP!$C$13)^(A10-1)*(1-RentalVsSP!$C$12),"") | D10: =IF(A10<=RentalVsSP!$C$22,B10*(RentalVsSP!$C$14+RentalVsSP!$C$15+RentalVsSP!$C$16)+C10*RentalVsSP!$C$17+RentalVsSP!$C$18*12,"") | E10: =IF(A10<=RentalVsSP!$C$22,C10-D10,"") | F10: =IF(A10<=RentalVsSP!$C$22,H9*RentalVsSP!$C$7/12*12,"") | G10: =IF(A10<=RentalVsSP!$C$22,RentalVsSP!$C$31*12-F10,"") | H10: =IF(A10<=RentalVsSP!$C$22,MAX(0,H9-G10),"") | I10: =IF(A10<=RentalVsSP!$C$22,MIN(RentalVsSP!$C$32,RentalVsSP!$C$5*RentalVsSP!$C$20-SUM($I$2:I9)),"") | J10: =IF(A10<=RentalVsSP!$C$22,E10-F10-I10,"") | K10: =IF(A10<=RentalVsSP!$C$22,IF(J10>=0,-J10*RentalVsSP!$C$24,MIN(-J10,MAX(0,25000-0.5*MAX(0,RentalVsSP!$C$23-100000)))*RentalVsSP!$C$24),"") | L10: =IF(A10<=RentalVsSP!$C$22,E10-F10-G10+K10,"")
A11: 10 | B11: =IF(A11<=RentalVsSP!$C$22,RentalVsSP!$C$5*(1+RentalVsSP!$C$19)^(A11-1),"") | C11: =IF(A11<=RentalVsSP!$C$22,RentalVsSP!$C$11*12*(1+RentalVsSP!$C$13)^(A11-1)*(1-RentalVsSP!$C$12),"") | D11: =IF(A11<=RentalVsSP!$C$22,B11*(RentalVsSP!$C$14+RentalVsSP!$C$15+RentalVsSP!$C$16)+C11*RentalVsSP!$C$17+RentalVsSP!$C$18*12,"") | E11: =IF(A11<=RentalVsSP!$C$22,C11-D11,"") | F11: =IF(A11<=RentalVsSP!$C$22,H10*RentalVsSP!$C$7/12*12,"") | G11: =IF(A11<=RentalVsSP!$C$22,RentalVsSP!$C$31*12-F11,"") | H11: =IF(A11<=RentalVsSP!$C$22,MAX(0,H10-G11),"") | I11: =IF(A11<=RentalVsSP!$C$22,MIN(RentalVsSP!$C$32,RentalVsSP!$C$5*RentalVsSP!$C$20-SUM($I$2:I10)),"") | J11: =IF(A11<=RentalVsSP!$C$22,E11-F11-I11,"") | K11: =IF(A11<=RentalVsSP!$C$22,IF(J11>=0,-J11*RentalVsSP!$C$24,MIN(-J11,MAX(0,25000-0.5*MAX(0,RentalVsSP!$C$23-100000)))*RentalVsSP!$C$24),"") | L11: =IF(A11<=RentalVsSP!$C$22,E11-F11-G11+K11,"")
A12: 11 | B12: =IF(A12<=RentalVsSP!$C$22,RentalVsSP!$C$5*(1+RentalVsSP!$C$19)^(A12-1),"") | C12: =IF(A12<=RentalVsSP!$C$22,RentalVsSP!$C$11*12*(1+RentalVsSP!$C$13)^(A12-1)*(1-RentalVsSP!$C$12),"") | D12: =IF(A12<=RentalVsSP!$C$22,B12*(RentalVsSP!$C$14+RentalVsSP!$C$15+RentalVsSP!$C$16)+C12*RentalVsSP!$C$17+RentalVsSP!$C$18*12,"") | E12: =IF(A12<=RentalVsSP!$C$22,C12-D12,"") | F12: =IF(A12<=RentalVsSP!$C$22,H11*RentalVsSP!$C$7/12*12,"") | G12: =IF(A12<=RentalVsSP!$C$22,RentalVsSP!$C$31*12-F12,"") | H12: =IF(A12<=RentalVsSP!$C$22,MAX(0,H11-G12),"") | I12: =IF(A12<=RentalVsSP!$C$22,MIN(RentalVsSP!$C$32,RentalVsSP!$C$5*RentalVsSP!$C$20-SUM($I$2:I11)),"") | J12: =IF(A12<=RentalVsSP!$C$22,E12-F12-I12,"") | K12: =IF(A12<=RentalVsSP!$C$22,IF(J12>=0,-J12*RentalVsSP!$C$24,MIN(-J12,MAX(0,25000-0.5*MAX(0,RentalVsSP!$C$23-100000)))*RentalVsSP!$C$24),"") | L12: =IF(A12<=RentalVsSP!$C$22,E12-F12-G12+K12,"")
A13: 12 | B13: =IF(A13<=RentalVsSP!$C$22,RentalVsSP!$C$5*(1+RentalVsSP!$C$19)^(A13-1),"") | C13: =IF(A13<=RentalVsSP!$C$22,RentalVsSP!$C$11*12*(1+RentalVsSP!$C$13)^(A13-1)*(1-RentalVsSP!$C$12),"") | D13: =IF(A13<=RentalVsSP!$C$22,B13*(RentalVsSP!$C$14+RentalVsSP!$C$15+RentalVsSP!$C$16)+C13*RentalVsSP!$C$17+RentalVsSP!$C$18*12,"") | E13: =IF(A13<=RentalVsSP!$C$22,C13-D13,"") | F13: =IF(A13<=RentalVsSP!$C$22,H12*RentalVsSP!$C$7/12*12,"") | G13: =IF(A13<=RentalVsSP!$C$22,RentalVsSP!$C$31*12-F13,"") | H13: =IF(A13<=RentalVsSP!$C$22,MAX(0,H12-G13),"") | I13: =IF(A13<=RentalVsSP!$C$22,MIN(RentalVsSP!$C$32,RentalVsSP!$C$5*RentalVsSP!$C$20-SUM($I$2:I12)),"") | J13: =IF(A13<=RentalVsSP!$C$22,E13-F13-I13,"") | K13: =IF(A13<=RentalVsSP!$C$22,IF(J13>=0,-J13*RentalVsSP!$C$24,MIN(-J13,MAX(0,25000-0.5*MAX(0,RentalVsSP!$C$23-100000)))*RentalVsSP!$C$24),"") | L13: =IF(A13<=RentalVsSP!$C$22,E13-F13-G13+K13,"")
A14: 13 | B14: =IF(A14<=RentalVsSP!$C$22,RentalVsSP!$C$5*(1+RentalVsSP!$C$19)^(A14-1),"") | C14: =IF(A14<=RentalVsSP!$C$22,RentalVsSP!$C$11*12*(1+RentalVsSP!$C$13)^(A14-1)*(1-RentalVsSP!$C$12),"") | D14: =IF(A14<=RentalVsSP!$C$22,B14*(RentalVsSP!$C$14+RentalVsSP!$C$15+RentalVsSP!$C$16)+C14*RentalVsSP!$C$17+RentalVsSP!$C$18*12,"") | E14: =IF(A14<=RentalVsSP!$C$22,C14-D14,"") | F14: =IF(A14<=RentalVsSP!$C$22,H13*RentalVsSP!$C$7/12*12,"") | G14: =IF(A14<=RentalVsSP!$C$22,RentalVsSP!$C$31*12-F14,"") | H14: =IF(A14<=RentalVsSP!$C$22,MAX(0,H13-G14),"") | I14: =IF(A14<=RentalVsSP!$C$22,MIN(RentalVsSP!$C$32,RentalVsSP!$C$5*RentalVsSP!$C$20-SUM($I$2:I13)),"") | J14: =IF(A14<=RentalVsSP!$C$22,E14-F14-I14,"") | K14: =IF(A14<=RentalVsSP!$C$22,IF(J14>=0,-J14*RentalVsSP!$C$24,MIN(-J14,MAX(0,25000-0.5*MAX(0,RentalVsSP!$C$23-100000)))*RentalVsSP!$C$24),"") | L14: =IF(A14<=RentalVsSP!$C$22,E14-F14-G14+K14,"")
... A41: 40 | B41: =IF(A41<=RentalVsSP!$C$22,RentalVsSP!$C$5*(1+RentalVsSP!$C$19)^(A41-1),"") | C41: =IF(A41<=RentalVsSP!$C$22,RentalVsSP!$C$11*12*(1+RentalVsSP!$C$13)^(A41-1)*(1-RentalVsSP!$C$12),"") | D41: =IF(A41<=RentalVsSP!$C$22,B41*(RentalVsSP!$C$14+RentalVsSP!$C$15+RentalVsSP!$C$16)+C41*RentalVsSP!$C$17+RentalVsSP!$C$18*12,"") | E41: =IF(A41<=RentalVsSP!$C$22,C41-D41,"") | F41: =IF(A41<=RentalVsSP!$C$22,H40*RentalVsSP!$C$7/12*12,"") | G41: =IF(A41<=RentalVsSP!$C$22,RentalVsSP!$C$31*12-F41,"") | H41: =IF(A41<=RentalVsSP!$C$22,MAX(0,H40-G41),"") | I41: =IF(A41<=RentalVsSP!$C$22,MIN(RentalVsSP!$C$32,RentalVsSP!$C$5*RentalVsSP!$C$20-SUM($I$2:I40)),"") | J41: =IF(A41<=RentalVsSP!$C$22,E41-F41-I41,"") | K41: =IF(A41<=RentalVsSP!$C$22,IF(J41>=0,-J41*RentalVsSP!$C$24,MIN(-J41,MAX(0,25000-0.5*MAX(0,RentalVsSP!$C$23-100000)))*RentalVsSP!$C$24),"") | L41: =IF(A41<=RentalVsSP!$C$22,E41-F41-G41+K41,"")
